 Dungeon Crawl Stone Soup version 0.22-a0-362-g535178c (webtiles) character file.

40 iamserjio the Insei (level 3, -1/32 HPs)
             Began as a Naga Transmuter on Apr 20, 2018.
             Slain by Natasha (8 damage)
             ... on level 2 of the Dungeon.
             The game lasted 00:04:23 (1358 turns).

iamserjio the Insei (Naga Transmuter)               Turns: 1358, Time: 00:04:24

Health: -1/32      AC:  3    Str: 12    XL:     3   Next: 50%
Magic:  6/6        EV:  7    Int: 13    God:
Gold:   58         SH:  5    Dex: 12    Spells: 5/6 levels left

rFire    + . .     SeeInvis +     - Unarmed
rCold    + . .     Gourm    .   e - +2 buckler {rC+ rF+}
rNeg     . . .     Faith    .   k - +0 ring mail
rPois    +         Spirit   .   (no helmet)
rElec    .         Reflect  .   (no cloak)
rCorr    .         Harm     .   (no gloves)
MR       .....                  (no barding)
Stlth    +.........             (no amulet)
HPRegen  0.10/turn              (no ring)
MPRegen  0.10/turn              (no ring)

@: short of breath, flying, very slow
A: large, see invisible, deformed body, poison resistance, slowness 2, slow
metabolism 1, spit poison 1, AC +1
a: Spit Poison


You were on level 2 of the Dungeon.
You were not hungry.

You visited 1 branch of the dungeon, and saw 2 of its levels.

You collected 58 gold pieces.

Inventory:

Missiles
 a - 12 arrows
 j - 115 stones (quivered)
Armour
 b - a +0 robe
 e - a +2 buckler of resistance (worn)
 k - a +0 ring mail (worn)
Scrolls
 g - a scroll of blinking {unknown}
 l - a scroll of identify {unknown}
 n - a scroll of remove curse {unknown}
 o - a scroll of teleportation {unknown}
Potions
 c - a potion of curing {unknown}
 f - a potion of flight
 h - 2 potions of heal wounds {unknown}
 i - 2 potions of berserk rage {unknown}
Comestibles
 d - 4 rations


   Skills:
 + Level 1.8 Fighting
 - Level 1.5 Dodging
 + Level 2.1 Stealth
 * Level 3.8 Unarmed Combat
 - Level 2.0 Spellcasting
 - Level 2.0 Transmutations


You had 5 spell levels left.
You knew the following spells:

 Your Spells              Type           Power        Failure   Level  Hunger
a - Beastly Appendage     Tmut           #.....       38%         1    ##.....


Dungeon Overview and Level Annotations

Branches:
Dungeon (2/15)

Altars:

Annotations:
D:2 Natasha


Innate Abilities, Weirdness & Mutations

You cannot wear boots.
Your serpentine skin is tough. (AC +1)
You have supernaturally acute eyesight. (SInv)
Armour fits poorly on your strangely shaped body.
Your system is resistant to poisons. (rPois)
You cover ground very slowly.
You have a slow metabolism.
You can spit poison.


Message History

Found a stone staircase leading up.
There is a stone staircase leading up here.
Found a stone staircase leading down.
Natasha, Servant of Life and Death comes into view.
Natasha hisses angrily.
There is a stone staircase leading down here.
Press: ? - help, Shift-Dir - straight line, f - Natasha
Aim: Natasha The splash of poison misses Natasha.
You feel slightly more hungry.
Your shield and ring mail prevent you from hitting Natasha.
Natasha claws you.
You hit Natasha but do no damage. Natasha claws you!
You hit Natasha but do no damage. Natasha claws you!
You hit Natasha but do no damage. Natasha claws you.
* * * LOW HITPOINT WARNING * * *
You can't do that yet.
It was a potion of flight.
You feel very buoyant.
You fly up into the air.
Natasha claws you!
You die...

##<###.....
#...##.####
#...##.####
#...##.##.. ###
#####.).##.##.#
....
##.............#
.....
##..##########...
#....##...# ...#
#....h@...# ##..#
#....##...# #..#
#.## ###.# #.##
#.# #.# #.# #.##
#.# # .# # # #


You could see Natasha.

Vanquished Creatures
  2 adders
  An ooze (D:1)
  A giant cockroach (D:1)
  A goblin (D:1)
  2 hobgoblins (D:2)
  6 kobolds
  3 bats (D:1)
  A frilled lizard (D:1)
  4 rats
21 creatures vanquished.

Notes
Turn   | Place    | Note
-------+----------+-------------------------------------------
     0 | D:1      | iamserjio the Naga Transmuter began the quest for the Orb.
     0 | D:1      | Reached XP level 1. HP: 18/18 MP: 3/3
   254 | D:1      | Reached skill level 1 in Stealth
   254 | D:1      | Reached XP level 2. HP: 23/25 MP: 5/5
   874 | D:1      | Reached XP level 3. HP: 25/31 MP: 6/6
  1352 | D:2      | Noticed Natasha
  1358 | D:2      | Slain by Natasha

Vault maps used:
D:1:      sevenhm_arrival_forest_fort_small_6
D:2:      first_ration, minivault_5, uniq_natasha

Skill      XL: |  1  2  3 |
---------------+----------+-----
Stealth        | 1 2 |  2.1
Fighting       | |  1.8
Dodging        | |  1.5
Unarmed Combat | |  3.8
Spellcasting   | |  2.0
Transmutations | |  2.0

Action                   || total
-------------------------++-------
Melee: Unarmed           ||    61
 Abil: Spit Poison       ||    11
  Use: Potion            ||     1
  Eat: Chunk             ||     1
Armor: Robe              ||     5
       Ring mail         ||    12
Dodge: Dodged            ||    29
Block: Buckler           ||    18

Table legend:
 A = Spawn XP
 B = Non-spawn XP
 C = Spawn XP percentage of total XP
 D = Spawn monster count
 E = Non-spawn monster count
 F = Spawn count percentage of total count
 G = Total turns spent on level
                    A         B        C        D         E        F      G
               +---------+---------+-------+---------+---------+-------+---------
         Total |       0 |      58 |   0.0 |       0 |      21 |   0.0 |  1358
               +---------+---------+-------+---------+---------+-------+---------
           D:1 |       0 |      38 |   0.0 |       0 |      15 |   0.0 |   923
           D:2 |       0 |      20 |   0.0 |       0 |       6 |   0.0 |   435
               +---------+---------+-------+---------+---------+-------+---------
